AoeStats
← Dog

Baltic

510450907Analyzed
2v2 RM · 1d ago on Oct 1, 2026· 81m 39s· 4 players
Game mode
Random Map
Map size
Medium (4 player)
Population
200
Speed
Normal
Resources
Standard
Victory
Conquest
Starting age
Dark Age
Ending age
Imperial Age
RankedLock teamsTeams togetherTeam positionsShared explorationLock speedFull tech treeHidden civsTurbo modeCheats
Victory
Defeat
🇸🇪 Varangians · Sweden
1085
+15
🇺🇸 Varangians · United States
1060
+16
🇺🇸 Saracens · United States
1081
-16
🇺🇸 Persians · United States
1058
-15
Dog
4:58 Loom
10:09 Feudal Age
10:35 Double-Bit Axe
13:04 Fishing Lines
16:25 Forging
16:06 Fletching
20:33 Castle Age
20:07 Scale Barding Armor
21:27 Bow Saw
22:21 Forging
22:31 Chain Barding Armor
23:01 Medium Warships
24:21 Man-at-Arms
25:05 Scale Mail Armor
26:12 Long Swordsman
32:32 Wheelbarrow
37:05 Bloodlines
37:33 Gillnets
39:22 Iron Casting
42:49 Imperial Age
42:50 Gold Mining
42:50 Stone Mining
44:16 Blast Furnace
43:51 Plate Barding Armor
43:12 Heavy Camel Rider
44:55 Gold Shaft Mining
50:02 Husbandry
52:22 Plate Barding Armor
52:09 Squires
51:54 Arson
54:39 Chain Mail Armor
57:33 Conscription
58:44 Heavy Warships
59:32 Citadels
59:26 Bodkin Arrow
59:37 Kamandaran
59:00 Crossbowman
59:46 Thumb Ring
59:50 Padded Archer Armor
68:19 Chemistry
MaxtheMerchantman
4:50 Loom
10:25 Feudal Age
14:49 Double-Bit Axe
18:17 Castle Age
16:49 Fletching
20:05 Medium Warships
20:49 Horse Collar
20:39 Crossbowman
28:46 Fishing Lines
32:09 Wheelbarrow
32:05 Bodkin Arrow
32:10 Padded Archer Armor
32:19 Scale Barding Armor
36:42 Imperial Age
34:33 Forging
36:21 Demolition Ship
38:05 Heavy Warships
37:34 Gillnets
38:19 Conscription
37:24 Elite Mameluke
38:58 Iron Casting
38:24 Bracer
38:45 Chain Barding Armor
39:02 Hand Cart
39:20 Gold Mining
39:20 Stone Mining
39:47 Bow Saw
39:42 Heavy Plow
43:01 Blast Furnace
42:15 Masonry
42:19 Careening
42:22 Clinker Construction
43:14 Chemistry
43:45 Plate Barding Armor
44:23 Murder Holes
45:22 Gold Shaft Mining
46:24 Leather Archer Armor
47:05 Town Watch
47:19 Elite Cannon Galleon
51:28 Hoardings
54:46 Counterweights
56:36 Town Patrol
58:12 Bimaristan
71:34 Coinage
74:05 Banking
Solomon Kane
4:40 Loom
12:21 Feudal Age
13:30 Double-Bit Axe
22:23 Castle Age
22:40 Horse Collar
31:04 Bow Saw
31:32 Padded Archer Armor
31:25 Fletching
36:30 Ballistics
37:09 Bodkin Arrow
37:15 Padded Archer Armor
43:21 Imperial Age
44:00 Scale Barding Armor
44:05 Forging
44:34 Fortified Wall
44:05 Elite Longship
48:58 Leather Archer Armor
52:31 Bracer
58:07 Shipwright
58:04 Fishing Lines
63:51 Careening
67:31 Chemistry
66:58 Dry Dock
67:34 Clinker Construction
74:01 Gillnets
76:45 Wheelbarrow
75:55 Town Watch
79:54 Chemistry
79:15 Carvel Hull
79:53 Caravan
81:14 Hand Cart
Hanny
10:23 Feudal Age
12:22 Loom
15:30 Double-Bit Axe
17:50 Castle Age
17:03 Scale Mail Armor
17:14 Forging
17:02 Arson
19:46 Wheelbarrow
19:36 Chain Mail Armor
20:08 Gambesons
22:19 Squires
25:41 Iron Casting
33:18 Gold Mining
34:46 Bloodlines
34:36 Husbandry
36:34 Scale Barding Armor
38:47 Bow Saw
38:19 Horse Collar
39:49 Fletching
40:02 Padded Archer Armor
41:38 Hand Cart
44:49 Imperial Age
43:59 Ballistics
43:23 Treadmill Crane
43:48 Bodkin Arrow
44:09 Leather Archer Armor
46:12 Conscription
47:12 Blast Furnace
46:43 Plate Mail Armor
48:07 Town Watch
47:48 Elite Jarl
50:05 Elite Varangian Guard
55:15 Chemistry
55:42 Masonry
55:44 Fortified Wall
57:35 Chain Barding Armor
56:57 Gothikon
Connection lost

Rejoining the realm…

Still unreachable

The connection could not be restored.

Session expired

The server has moved on; the page needs a fresh start.